 Dungeon Crawl Stone Soup version 0.31-a0-177-g4aa6249778 (webtiles) character file.

Game seed: 17802844888627868709

10326 qw the Skirmisher (level 11, -8/106 HPs)
             Began as a Naga Hunter on June 18, 2023.
             Was a Priest of Okawaru.
             Mangled by Erolcha
             ... wielding a +0 giant spiked club
              (18 damage)
             ... on level 10 of the Dungeon.
             The game lasted 00:10:09 (7882 turns).

qw the Skirmisher (Naga Hunter)                     Turns: 7882, Time: 00:10:10

Health: -8/106     AC: 24    Str: 16    XL:     11   Next: 60%
Magic:  12/14      EV: 13    Int:  9    God:    Okawaru [***...]
Gold:   362        SH:  0    Dex: 19    Spells: 10/10 levels left

rFire   . . .        Y - +1 orcbow
rCold   + . .        (shield currently unavailable)
rNeg    . . .        l - +1 leather armour {rC+}
rPois   +            h - +2 helmet of Sunlight {Str+2}
rElec   .            r - +2 cloak
rCorr   .            p - +0 pair of gloves
SInv    +            b - +1 barding
Will    +....        (no amulet)
Stlth   +++          (no ring)
HPRegen 1.17/turn    (no ring)
MPRegen 0.14/turn

%: no passive effects
@: short of breath, heroic, very slow
A: AC +3, large, see invisible, deformed body, poison resistance, slowness 2,
spit poison 1, naga tail 1, iridescent scales 1, regeneration 1
a: Spit Poison, Renounce Religion, Heroism


You were on level 10 of the Dungeon.
You worshipped Okawaru.
Okawaru was most pleased with you.
You visited 2 branches of the dungeon, and saw 11 of its levels.
You visited the Abyss 1 time.

You collected 506 gold pieces.
You spent 144 gold pieces at shops.


Innate Abilities, Weirdness & Mutations

Your serpentine skin is tough. (AC +3)
You have supernaturally acute eyesight. (SInv)
Armour fits poorly on your strangely shaped body.
Your system is resistant to poisons. (rPois)
You cover ground very slowly.
You can spit poison.
You have a snake-like lower body.
You are partially covered in iridescent scales. (AC +2)
Your natural rate of healing is unusually fast.


   Skills:
 - Level 9.1(14.1) Fighting
 - Level 13.0(18.0) Ranged Weapons
 + Level 3.6(8.6) Armour
 - Level 4.0(9.0) Dodging
 - Level 1.5(6.5) Stealth
 - Level 4.2 Invocations


You had 10 spell levels left.
You didn't know any spells.
Your spell library was empty.

Inventory:

Hand Weapons
 Y - a +1 orcbow (weapon)
Armour
 b - a +1 barding (worn)
 h - the +2 helmet of Sunlight (worn) {Str+2}
   (You found it on level 5 of the Dungeon)

   Str:       It affects your strength (+2).
 l - a +1 leather armour of cold resistance (worn)
 n - a +0 robe of fire resistance
 p - a +0 pair of gloves (worn)
 r - a +2 cloak (worn)
Jewellery
 e - a ring of fire
Scrolls
 o - a scroll of identify
Potions
 f - 5 potions of curing
 g - a potion of haste
 i - a potion of might
 j - a potion of enlightenment {unknown}
 k - 5 potions of mutation
 m - a potion of resistance

Dungeon Overview and Level Annotations

Branches:
Dungeon (10/15)            Temple (1/1) D:7
   Lair: D:8-11         Orc: D:9-12

Altars:
Ashenzari
Cheibriados
Dithmenos
Fedhas
Gozag
Hepliaklqana
Kikubaaqudgha
Makhleb
Okawaru
Ru
Sif Muna
Trog
Uskayaw
Vehumet
Wu Jian
Xom
Yredelemnul
Zin
The Shining One

Shops:
D:1 =   D:3 *

Annotations:
D:8 3 runed translucent doors, qw's ghost, novice GrFi
D:10 Erolcha


Message History

You shoot an arrow. The arrow hits the raiju!
The raiju is moderately wounded.
You shoot an arrow. The arrow hits the raiju.
The raiju is moderately wounded.
The raiju barely misses you. The raiju bites you but does no damage.
The raiju misses you.
You shoot an arrow. The arrow hits the raiju.
The raiju is heavily wounded.
The raiju barely misses you.
The raiju bursts into living lightning!
The living lightning hits you!!
The raiju blinks!
The raiju barely misses you.
You shoot an arrow. The arrow misses the raiju.
The raiju bites you but does no damage.
You shoot an arrow.
The arrow hits the raiju but does no damage.
The raiju is heavily wounded.
The raiju bites you but does no damage. The raiju barely misses you.
You shoot an arrow. The arrow misses the raiju.
The raiju misses you. The raiju closely misses you.
The raiju bites you but does no damage.
You shoot an arrow. The arrow hits the raiju!
The raiju is severely wounded.
You feel like a meek peon again.
The raiju bites you but does no damage. x2; The raiju bites you.
The raiju shocks you!
7880 ||| INVOKING Heroism.
You gain the combat prowess of a mighty hero.
You have got your breath back.
The raiju bites you but does no damage. The raiju misses you.
The raiju bites you but does no damage.
7881 ||| INVOKING Spit Poison.
Aiming: Spit Poison (1% risk of failure)
Press: ? - help, Shift-Dir - straight line, f/p - raiju The splash of poison misses the raiju.
The raiju bites you but does no damage. x2; The raiju closely misses you.
You shoot an arrow.
The arrow hits the raiju but does no damage.
The raiju is severely wounded.
Erolcha hits you with a +0 giant spiked club!!
You die...

#.....
.... ....
... #..
#.####
#####O#..#
#....@h..#
#....hh..#
#........#
#####'#<.#
#.##.#
#....#
######


You could see Erolcha and 3 raiju.

Vanquished Creatures
  A two-headed ogre (D:8)
  Erica (D:8)
  2 thrashing horrors (Abyss:2)
  A wretched star (Abyss:2)
  A spatial maelstrom (Abyss:2)
  A worldbinder (Abyss:2)
  2 hornets
  2 raiju (Abyss:2)
  5 starcursed masses (Abyss:2)
  9 yaks (D:8)
  A water moccasin (D:8)
  2 ice beasts
  A black bear (D:6)
  2 sky beasts
  2 ogres (D:6)
  5 centaurs
  A phantom (D:6)
  2 kobold brigands
  3 bullfrogs
  A gnoll sergeant (D:9)
  4 scorpions
  11 wights
  11 killer bees (D:9)
  2 hounds
  A jelly (D:6)
  2 gnoll boudas
  8 orc priests
  2 iguanas
  9 orc wizards
  16 gnolls
  6 adders
  A white imp (D:5)
  2 worms
  3 dart slugs (D:1)
  30 orcs
  6 bats
  11 endoplasms
  5 giant cockroaches
  6 goblins
  3 hobgoblins
  3 jackals (D:5)
  3 quokkas
  8 ball pythons
  4 frilled lizards
  21 kobolds
  6 rats
229 creatures vanquished.

Vanquished Creatures (others)
  A large abomination (Abyss:2)
  A small abomination (Abyss:2)
  A lurking horror (Abyss:2)
3 creatures vanquished.

Grand Total: 232 creatures vanquished

Notes
Turn   | Place    | Note
-------+----------+-------------------------------------------
     0 | D:1      | qw the Naga Hunter began the quest for the Orb.
     0 | D:1      | Reached XP level 1. HP: 19/19 MP: 1/1
     0 | D:1      | 0 ||| qw: Version: 0.3-a-5-g6f28e65
     0 | D:1      | 0 ||| qw: Game counter: 532
     0 | D:1      | 0 ||| qw: Always use a shield: true
     0 | D:1      | 0 ||| qw: God list: Okawaru
     0 | D:1      | 0 ||| qw: Allow faded altars: false
     0 | D:1      | 0 ||| qw: Do Orc after D:15 true
     0 | D:1      | 0 ||| qw: Do second Lair branch before Depths: true
     0 | D:1      | 0 ||| qw: Lair rune preference: random
     0 | D:1      | 0 ||| qw: Plans: Normal
     0 | D:1      | 0 ||| PLANNING D:1-11
    30 | D:1      | 30 ||| INVOKING Spit Poison.
    36 | D:1      | 36 ||| FLEEEEING.
    38 | D:1      | 38 ||| INVOKING Spit Poison.
    43 | D:1      | Reached skill level 4 in Ranged Weapons
    43 | D:1      | Reached XP level 2. HP: 16/26 MP: 2/2
   119 | D:1      | 119 ||| INVOKING Spit Poison.
   128 | D:1      | 128 ||| INVOKING Spit Poison.
   129 | D:1      | 129 ||| UPGRADING to amulet of guardian spirit.
   134 | D:1      | 134 ||| READING scroll labelled PYXEWE MEPU.
   135 | D:1      | 135 ||| INVOKING Spit Poison.
   144 | D:1      | 144 ||| INVOKING Spit Poison.
   149 | D:1      | 149 ||| INVOKING Spit Poison.
   213 | D:1      | 213 ||| INVOKING Spit Poison.
   247 | D:1      | 247 ||| INVOKING Spit Poison.
   276 | D:1      | 276 ||| INVOKING Spit Poison.
   307 | D:1      | 307 ||| INVOKING Spit Poison.
   309 | D:1      | Reached XP level 3. HP: 32/32 MP: 3/3
   396 | D:1      | 396 ||| INVOKING Spit Poison.
   443 | D:1      | Found Izijil's Jewellery Shop.
   459 | D:1      | 459 ||| SHOPLISTING +4 ring of protection (504 gold, have
                  | 75).
   459 | D:1      | 459 ||| SHOPLISTING +4 ring of slaying (1092 gold, have
                  | 75).
   459 | D:1      | 459 ||| SHOPLISTING +6 ring of strength (504 gold, have
                  | 75).
   459 | D:1      | 459 ||| SHOPLISTING amulet of reflection (420 gold, have
                  | 75).
   459 | D:1      | 459 ||| SHOPLISTING ring "Nucy" {Ice rElec Str-4 Stlth+}
                  | (467 gold, have 75).
   459 | D:1      | 459 ||| SHOPLISTING ring of Elyvilon's Envy {Ice *Corrode
                  | rPois Dex+4} (546 gold, have 75).
   459 | D:1      | 459 ||| SHOPLISTING ring of ice (350 gold, have 75).
   459 | D:1      | 459 ||| SHOPLISTING ring of willpower (350 gold, have 75).
   509 | D:1      | 509 ||| INVOKING Spit Poison.
   559 | D:1      | 559 ||| READING scroll labelled POM CYCRIEKHLE.
   660 | D:1      | 660 ||| DROPPING scroll of butterflies.
   689 | D:2      | 689 ||| INVOKING Spit Poison.
   698 | D:2      | 698 ||| INVOKING Spit Poison.
   717 | D:2      | 717 ||| INVOKING Spit Poison.
   814 | D:2      | 814 ||| INVOKING Spit Poison.
   828 | D:2      | 828 ||| INVOKING Spit Poison.
   837 | D:2      | 837 ||| INVOKING Spit Poison.
   861 | D:2      | 861 ||| INVOKING Spit Poison.
   901 | D:2      | 901 ||| INVOKING Spit Poison.
   907 | D:2      | 907 ||| INVOKING Spit Poison.
   911 | D:2      | Reached skill level 5 in Ranged Weapons
   911 | D:2      | Reached XP level 4. HP: 39/39 MP: 4/4
   938 | D:2      | 938 ||| INVOKING Spit Poison.
   947 | D:2      | 947 ||| INVOKING Spit Poison.
   970 | D:2      | 970 ||| INVOKING Spit Poison.
  1007 | D:2      | 1007 ||| INVOKING Spit Poison.
  1058 | D:2      | 1058 ||| INVOKING Spit Poison.
  1106 | D:2      | 1106 ||| INVOKING Spit Poison.
  1149 | D:2      | 1149 ||| INVOKING Spit Poison.
  1288 | D:2      | 1288 ||| UPGRADING to +1 barding.
  1293 | D:2      | 1293 ||| READING scroll labelled UFOKI HAAF HYGG.
  1294 | D:2      | 1294 ||| READING scroll labelled SATTUOV ITHO.
  1295 | D:2      | 1295 ||| READING scroll labelled WUISTU IMURIEPN.
  1296 | D:2      | 1296 ||| DRINKING 2 grey potions.
  1296 | D:2      | Gained mutation: You are partially covered in iridescent
                  | scales. (AC +2) [potion of mutation]
  1296 | D:2      | Gained mutation: Your natural rate of healing is unusually
                  | fast. [potion of mutation]
  1333 | D:3      | 1333 ||| INVOKING Spit Poison.
  1338 | D:3      | 1338 ||| INVOKING Spit Poison.
  1339 | D:3      | Reached skill level 3 in Fighting
  1341 | D:3      | 1341 ||| INVOKING Spit Poison.
  1352 | D:3      | 1352 ||| INVOKING Spit Poison.
  1354 | D:3      | Reached XP level 5. HP: 49/49 MP: 5/5
  1356 | D:3      | 1356 ||| INVOKING Spit Poison.
  1362 | D:3      | Reached skill level 1 in Armour
  1381 | D:3      | 1381 ||| INVOKING Spit Poison.
  1384 | D:3      | Found a snail-covered altar of Cheibriados.
  1388 | D:3      | 1388 ||| INVOKING Spit Poison.
  1421 | D:3      | 1421 ||| INVOKING Spit Poison.
  1425 | D:3      | 1425 ||| INVOKING Spit Poison.
  1447 | D:3      | 1447 ||| INVOKING Spit Poison.
  1460 | D:3      | Found Vut Erar's Assorted Antiques.
  1466 | D:3      | 1466 ||| BUYING fizzy pink potion (27 gold).
  1466 | D:3      | Bought a fizzy pink potion for 27 gold pieces
  1466 | D:3      | 1466 ||| BUYING fuming ruby potion (27 gold).
  1466 | D:3      | Bought a fuming ruby potion for 27 gold pieces
  1466 | D:3      | 1466 ||| SHOPLISTING glowing shortbow (186 gold, have 85).
  1466 | D:3      | 1466 ||| SHOPLISTING potion of mutation (248 gold, have
                  | 85).
  1489 | D:3      | 1489 ||| INVOKING Spit Poison.
  1499 | D:3      | 1499 ||| INVOKING Spit Poison.
  1503 | D:3      | 1503 ||| INVOKING Spit Poison.
  1520 | D:3      | 1520 ||| INVOKING Spit Poison.
  1553 | D:3      | 1553 ||| INVOKING Spit Poison.
  1564 | D:3      | 1564 ||| INVOKING Spit Poison.
  1607 | D:3      | Found a radiant altar of Vehumet.
  1608 | D:3      | 1608 ||| INVOKING Spit Poison.
  1702 | D:3      | 1702 ||| INVOKING Spit Poison.
  1754 | D:3      | 1754 ||| INVOKING Spit Poison.
  1861 | D:3      | 1861 ||| UPGRADING to +1 leather armour of cold resistance.
  1871 | D:3      | 1871 ||| DROPPING +0 leather armour.
  1872 | D:3      | 1872 ||| DRINKING 2 murky yellow potions.
  1873 | D:3      | 1873 ||| DRINKING 2 metallic white potions.
  1874 | D:3      | 1874 ||| DROPPING potion of degeneration.
  1941 | D:4      | 1941 ||| INVOKING Spit Poison.
  1944 | D:4      | 1944 ||| INVOKING Spit Poison.
  1995 | D:4      | 1995 ||| INVOKING Spit Poison.
  1998 | D:4      | 1998 ||| INVOKING Spit Poison.
  2046 | D:4      | 2046 ||| INVOKING Spit Poison.
  2047 | D:4      | Reached XP level 6. HP: 56/56 MP: 6/6
  2307 | D:4      | 2307 ||| INVOKING Spit Poison.
  2375 | D:4      | 2375 ||| READING scroll labelled BEP TONOHE.
  2385 | D:5      | Entered Level 5 of the Dungeon
  2386 | D:5      | 2386 ||| INVOKING Spit Poison.
  2388 | D:5      | Reached skill level 6 in Ranged Weapons
  2393 | D:5      | 2393 ||| INVOKING Spit Poison.
  2415 | D:5      | 2415 ||| INVOKING Spit Poison.
  2420 | D:5      | 2420 ||| INVOKING Spit Poison.
  2426 | D:5      | 2426 ||| INVOKING Spit Poison.
  2432 | D:5      | 2432 ||| INVOKING Spit Poison.
  2437 | D:5      | 2437 ||| INVOKING Spit Poison.
  2444 | D:5      | 2444 ||| INVOKING Spit Poison.
  2447 | D:5      | 2447 ||| INVOKING Spit Poison.
  2453 | D:5      | 2453 ||| INVOKING Spit Poison.
  2454 | D:5      | 2454 ||| FLEEEEING.
  2455 | D:5      | 2455 ||| FLEEEEING.
  2456 | D:5      | 2456 ||| STAIRDANCE
  2458 | D:4      | 2458 ||| INVOKING Spit Poison.
  2469 | D:5      | 2469 ||| INVOKING Spit Poison.
  2505 | D:5      | 2505 ||| INVOKING Spit Poison.
  2546 | D:5      | 2546 ||| INVOKING Spit Poison.
  2549 | D:5      | 2549 ||| INVOKING Spit Poison.
  2555 | D:5      | Identified the +0 helmet of the Sea {rPois Int+3 Dex+2}
  2632 | D:5      | 2632 ||| INVOKING Spit Poison.
  2637 | D:5      | 2637 ||| INVOKING Spit Poison.
  2647 | D:5      | 2647 ||| INVOKING Spit Poison.
  2651 | D:5      | 2651 ||| INVOKING Spit Poison.
  2667 | D:5      | Identified the +2 helmet of Sunlight {Str+2}
  2683 | D:5      | Noticed a black bear
  2684 | D:5      | Found a broken altar of Ashenzari.
  2716 | D:5      | 2716 ||| INVOKING Spit Poison.
  2719 | D:5      | 2719 ||| INVOKING Spit Poison.
  2723 | D:5      | Reached XP level 7. HP: 63/64 MP: 7/7
  2795 | D:5      | 2795 ||| INVOKING Spit Poison.
  2925 | D:5      | 2925 ||| INVOKING Spit Poison.
  2928 | D:5      | 2928 ||| INVOKING Spit Poison.
  2935 | D:5      | 2935 ||| INVOKING Spit Poison.
  2936 | D:5      | Reached skill level 7 in Ranged Weapons
  2939 | D:5      | 2939 ||| INVOKING Spit Poison.
  3012 | D:5      | 3012 ||| INVOKING Spit Poison.
  3016 | D:5      | 3016 ||| INVOKING Spit Poison.
  3019 | D:5      | 3019 ||| INVOKING Spit Poison.
  3073 | D:5      | 3073 ||| INVOKING Spit Poison.
  3076 | D:5      | 3076 ||| INVOKING Spit Poison.
  3200 | D:5      | 3200 ||| UPGRADING to +0 helmet of the Sea {rPois Int+3
                  | Dex+2}.
  3205 | D:5      | 3205 ||| UPGRADING to +2 helmet of Sunlight {Str+2}.
  3215 | D:5      | 3215 ||| DROPPING +0 helmet of the Sea {rPois Int+3 Dex+2}.
  3216 | D:5      | 3216 ||| READING scroll labelled ANAITRYCOI.
  3217 | D:5      | 3217 ||| DRINKING 2 fizzy pink potions.
  3218 | D:5      | 3218 ||| DRINKING 2 murky green potions.
  3219 | D:5      | 3219 ||| READING 2 scrolls of identify.
  3219 | D:5      | 3219 ||| IDENTIFYING fuming ruby potion
  3220 | D:5      | 3220 ||| DROPPING potion of invisibility.
  3277 | D:6      | 3277 ||| INVOKING Spit Poison.
  3399 | D:6      | 3399 ||| INVOKING Spit Poison.
  3478 | D:6      | Found a burning altar of Makhleb.
  3496 | D:6      | Reached skill level 8 in Ranged Weapons
  3496 | D:6      | Reached XP level 8. HP: 67/72 MP: 8/8
  3538 | D:6      | 3538 ||| INVOKING Spit Poison.
  3551 | D:6      | 3551 ||| INVOKING Spit Poison.
  3631 | D:6      | Found a bloodstained altar of Trog.
  3632 | D:6      | 3632 ||| SWAPPING to +0 orcbow.
  3633 | D:6      | 3633 ||| INVOKING Spit Poison.
  3636 | D:6      | 3636 ||| INVOKING Spit Poison.
  3638 | D:6      | 3638 ||| DROPPING +0 shortbow.
  3663 | D:6      | 3663 ||| INVOKING Spit Poison.
  3698 | D:6      | 3698 ||| INVOKING Spit Poison.
  3701 | D:6      | 3701 ||| INVOKING Spit Poison.
  3706 | D:6      | 3706 ||| INVOKING Spit Poison.
  3836 | D:6      | 3836 ||| INVOKING Spit Poison.
  3895 | D:6      | 3895 ||| INVOKING Spit Poison.
  3920 | D:6      | Found a hazy altar of Hepliaklqana.
  4010 | D:7      | 4010 ||| INVOKING Spit Poison.
  4014 | D:7      | Reached skill level 9 in Ranged Weapons
  4140 | D:7      | Found Zin's Purification Station.
  4140 | D:7      | Found a glowing silver altar of Zin.
  4155 | D:7      | Reached skill level 3 in Dodging
  4155 | D:7      | Reached XP level 9. HP: 78/81 MP: 9/9
  4179 | D:7      | 4179 ||| INVOKING Spit Poison.
  4184 | D:7      | 4184 ||| INVOKING Spit Poison.
  4189 | D:7      | 4189 ||| BUYING potion of curing (90 gold).
  4189 | D:7      | Bought a potion of curing for 90 gold pieces
  4200 | D:7      | 4200 ||| INVOKING Spit Poison.
  4207 | D:7      | 4207 ||| INVOKING Spit Poison.
  4282 | D:7      | 4282 ||| INVOKING Spit Poison.
  4285 | D:7      | 4285 ||| INVOKING Spit Poison.
  4383 | D:7      | Found a staircase to the Ecumenical Temple.
  4384 | D:7      | 4384 ||| PLANNING TEMPLE
  4384 | D:7      | 4384 ||| UPGRADING to +0 pair of gloves.
  4389 | D:7      | 4389 ||| UPGRADING to +0 cloak.
  4394 | D:7      | 4394 ||| UPGRADING to +2 cloak.
  4404 | D:7      | 4404 ||| DROPPING +0 cloak.
  4405 | D:7      | 4405 ||| READING scroll labelled GUSYAVV NYHUFU.
  4406 | D:7      | 4406 ||| READING 3 scrolls of identify.
  4406 | D:7      | 4406 ||| IDENTIFYING sedimented purple potion
  4407 | D:7      | 4407 ||| READING 2 scrolls of identify.
  4407 | D:7      | 4407 ||| IDENTIFYING golden potion
  4408 | D:7      | 4408 ||| DROPPING potion of ambrosia.
  4418 | Temple   | Entered the Ecumenical Temple
  4511 | Temple   | 4511 ||| PLANNING OKAWARU WORSHIP
  4627 | Temple   | Became a worshipper of Warmaster Okawaru
  4628 | Temple   | 4628 ||| PLANNING D:1-11
  4628 | Temple   | 4628 ||| REMOVING amulet of guardian spirit.
  4633 | Temple   | 4633 ||| DROPPING amulet of guardian spirit.
  4738 | D:8      | 4738 ||| INVOKING Spit Poison.
  4741 | D:8      | 4741 ||| INVOKING Spit Poison.
  4748 | D:8      | 4748 ||| INVOKING Spit Poison.
  4751 | D:8      | 4751 ||| INVOKING Spit Poison.
  4764 | D:8      | 4764 ||| Stepping ~*~*~tactically~*~*~ (outnumbered).
  4766 | D:8      | 4766 ||| Stepping ~*~*~tactically~*~*~ (outnumbered).
  4767 | D:8      | 4767 ||| INVOKING Spit Poison.
  4770 | D:8      | 4770 ||| INVOKING Spit Poison.
  4776 | D:8      | Reached skill level 6 in Fighting
  4777 | D:8      | 4777 ||| INVOKING Spit Poison.
  4784 | D:8      | 4784 ||| INVOKING Spit Poison.
  4787 | D:8      | 4787 ||| INVOKING Spit Poison.
  4804 | D:8      | 4804 ||| INVOKING Spit Poison.
  4809 | D:8      | 4809 ||| INVOKING Spit Poison.
  4830 | D:8      | Found a runed translucent gate.
  4830 | D:8      | Found a runed translucent gate.
  4830 | D:8      | Found a runed translucent gate.
  4833 | D:8      | Noticed qw's ghost (novice GrFi)
  4857 | D:8      | Noticed Erica
  4858 | D:8      | 4858 ||| INVOKING Spit Poison.
  4859 | D:8      | 4859 ||| DRINKING 4 potions of curing.
  4859 | D:8      | 4859 ||| (to cure confusion)
  4864 | D:8      | 4864 ||| INVOKING Spit Poison.
  4867 | D:8      | 4867 ||| INVOKING Spit Poison.
  4870 | D:8      | 4870 ||| INVOKING Spit Poison.
  4872 | D:8      | Killed Erica
  4872 | D:8      | Reached * piety under Okawaru
  4873 | D:8      | Reached skill level 10 in Ranged Weapons
  4873 | D:8      | 4873 ||| INVOKING Heroism.
  4874 | D:8      | 4874 ||| INVOKING Heroism.
  4875 | D:8      | 4875 ||| INVOKING Heroism.
  4876 | D:8      | 4876 ||| INVOKING Spit Poison.
  4879 | D:8      | 4879 ||| INVOKING Spit Poison.
  4883 | D:8      | 4883 ||| INVOKING Heroism.
  4884 | D:8      | 4884 ||| Stepping ~*~*~tactically~*~*~ (outnumbered).
  4885 | D:8      | 4885 ||| INVOKING Spit Poison.
  4889 | D:8      | 4889 ||| INVOKING Spit Poison.
  4890 | D:8      | 4890 ||| INVOKING Heroism.
  4893 | D:8      | 4893 ||| INVOKING Spit Poison.
  4894 | D:8      | 4894 ||| INVOKING Spit Poison.
  4895 | D:8      | Reached skill level 3 in Armour
  4898 | D:8      | 4898 ||| INVOKING Heroism.
  4898 | D:8      | HP: 18/82 [yak (9)]
  4899 | D:8      | 4899 ||| READING 3 scrolls of teleportation.
  4900 | D:8      | 4900 ||| INVOKING Spit Poison.
  4943 | D:8      | 4943 ||| INVOKING Spit Poison.
  4949 | D:8      | 4949 ||| INVOKING Spit Poison.
  4953 | D:8      | 4953 ||| INVOKING Spit Poison.
  4958 | D:8      | 4958 ||| INVOKING Spit Poison.
  5000 | D:8      | 5000 ||| INVOKING Spit Poison.
  5003 | D:8      | 5003 ||| INVOKING Heroism.
  5004 | D:8      | 5004 ||| INVOKING Spit Poison.
  5039 | D:8      | 5039 ||| INVOKING Spit Poison.
  5043 | D:8      | 5043 ||| INVOKING Spit Poison.
  5063 | D:8      | 5063 ||| INVOKING Spit Poison.
  5068 | D:8      | 5068 ||| INVOKING Spit Poison.
  5135 | D:8      | Reached skill level 1 in Invocations
  5135 | D:8      | Reached XP level 10. HP: 92/92 MP: 10/10
  5141 | D:8      | 5141 ||| INVOKING Spit Poison.
  5146 | D:8      | 5146 ||| INVOKING Spit Poison.
  5149 | D:8      | 5149 ||| INVOKING Heroism.
  5150 | D:8      | 5150 ||| INVOKING Heroism.
  5151 | D:8      | 5151 ||| INVOKING Spit Poison.
  5157 | D:8      | 5157 ||| INVOKING Spit Poison.
  5163 | D:8      | 5163 ||| INVOKING Spit Poison.
  5164 | D:8      | 5164 ||| INVOKING Heroism.
  5171 | D:8      | 5171 ||| INVOKING Spit Poison.
  5175 | D:8      | Reached skill level 3 in Invocations
  5223 | D:8      | 5223 ||| INVOKING Spit Poison.
  5300 | D:8      | Noticed a two-headed ogre
  5301 | D:8      | 5301 ||| INVOKING Heroism.
  5305 | D:8      | 5305 ||| INVOKING Spit Poison.
  5310 | D:8      | Killed a two-headed ogre
  5313 | D:8      | 5313 ||| INVOKING Spit Poison.
  5491 | D:8      | 5491 ||| INVOKING Spit Poison.
  5495 | D:8      | 5495 ||| INVOKING Spit Poison.
  5496 | D:8      | Reached skill level 11 in Ranged Weapons
  5501 | D:8      | 5501 ||| INVOKING Spit Poison.
  5503 | D:8      | 5503 ||| INVOKING Heroism.
  5504 | D:8      | 5504 ||| INVOKING Spit Poison.
  5512 | D:8      | 5512 ||| INVOKING Spit Poison.
  5519 | D:8      | Reached ** piety under Okawaru
  5712 | D:8      | 5712 ||| DROPPING +1 helmet.
  5713 | D:8      | 5713 ||| READING scroll labelled HITE ZUIRESK.
  5819 | D:9      | 5819 ||| INVOKING Spit Poison.
  5822 | D:9      | 5822 ||| INVOKING Spit Poison.
  5826 | D:9      | 5826 ||| INVOKING Spit Poison.
  5832 | D:9      | 5832 ||| INVOKING Spit Poison.
  5835 | D:9      | 5835 ||| INVOKING Spit Poison.
  5838 | D:9      | 5838 ||| INVOKING Spit Poison.
  5919 | D:9      | Found a glowing golden altar of the Shining One.
  5988 | D:9      | 5988 ||| INVOKING Spit Poison.
  5994 | D:9      | 5994 ||| INVOKING Spit Poison.
  6010 | D:9      | 6010 ||| INVOKING Spit Poison.
  6014 | D:9      | 6014 ||| INVOKING Spit Poison.
  6037 | D:9      | 6037 ||| INVOKING Spit Poison.
  6042 | D:9      | 6042 ||| INVOKING Spit Poison.
  6048 | D:9      | 6048 ||| INVOKING Spit Poison.
  6059 | D:9      | 6059 ||| Stepping ~*~*~tactically~*~*~ (outnumbered).
  6061 | D:9      | 6061 ||| INVOKING Spit Poison.
  6079 | D:9      | 6079 ||| INVOKING Spit Poison.
  6129 | D:9      | 6129 ||| INVOKING Spit Poison.
  6270 | D:9      | 6270 ||| INVOKING Spit Poison.
  6321 | D:9      | Reached XP level 11. HP: 103/103 MP: 14/14
  6591 | D:9      | 6591 ||| INVOKING Spit Poison.
  6599 | D:9      | 6599 ||| INVOKING Spit Poison.
  6606 | D:9      | 6606 ||| INVOKING Spit Poison.
  6611 | D:9      | Reached skill level 12 in Ranged Weapons
  6613 | D:9      | 6613 ||| INVOKING Spit Poison.
  6665 | D:9      | 6665 ||| DRINKING 3 dark potions.
  6666 | D:9      | 6666 ||| READING 2 scrolls of identify.
  6666 | D:9      | 6666 ||| IDENTIFYING puce potion
  6667 | D:9      | 6667 ||| DROPPING potion of attraction.
  6683 | D:10     | Entered Level 10 of the Dungeon
  6694 | D:10     | Noticed Erolcha
  6695 | D:10     | 6695 ||| INVOKING Heroism.
  6699 | D:10     | 6699 ||| INVOKING Spit Poison.
  6704 | Abyss:2  | Cast into level 2 of the Abyss (Erolcha)
  6781 | Abyss:2  | Noticed a wretched star
  6791 | Abyss:2  | 6791 ||| INVOKING Heroism.
  6804 | Abyss:2  | Killed a wretched star
  6804 | Abyss:2  | Reached *** piety under Okawaru
  7472 | Abyss:2  | Killed a large abomination
  7578 | Abyss:2  | Noticed a spatial maelstrom
  7583 | Abyss:2  | 7583 ||| INVOKING Heroism.
  7587 | Abyss:2  | 7587 ||| INVOKING Spit Poison.
  7588 | Abyss:2  | Noticed a thrashing horror
  7589 | Abyss:2  | HP: 22/103 [spatial maelstrom (15)]
  7590 | Abyss:2  | 7590 ||| READING 2 scrolls of teleportation.
  7591 | Abyss:2  | 7591 ||| DRINKING 2 potions of heal wounds.
  7594 | Abyss:2  | HP: 24/103 [spatial maelstrom (5)]
  7595 | Abyss:2  | 7595 ||| DRINKING potion of heal wounds.
  7597 | Abyss:2  | 7597 ||| INVOKING Spit Poison.
  7599 | Abyss:2  | Noticed a tentacled starspawn
  7599 | Abyss:2  | Killed a spatial maelstrom
  7601 | Abyss:2  | HP: 24/103 [raiju/living lightning (10)]
  7686 | Abyss:2  | Noticed a starcursed mass
  7690 | Abyss:2  | 7690 ||| Stepping ~*~*~tactically~*~*~ (outnumbered).
  7691 | Abyss:2  | 7691 ||| Stepping ~*~*~tactically~*~*~ (outnumbered).
  7701 | Abyss:2  | 7701 ||| INVOKING Heroism.
  7711 | Abyss:2  | HP: 24/103 [starcursed mass (7)]
  7712 | Abyss:2  | 7712 ||| READING scroll of teleportation.
  7714 | Abyss:2  | HP: 6/103 [starcursed mass/accursed screaming (9)]
  7716 | Abyss:2  | Killed a starcursed mass
  7727 | Abyss:2  | Killed a starcursed mass
  7742 | Abyss:2  | Noticed a worldbinder
  7742 | Abyss:2  | 7742 ||| INVOKING Heroism.
  7753 | Abyss:2  | Killed a worldbinder
  7754 | Abyss:2  | Reached skill level 13 in Ranged Weapons
  7770 | Abyss:2  | Noticed a thrashing horror
  7770 | Abyss:2  | 7770 ||| INVOKING Heroism.
  7772 | Abyss:2  | Noticed a thrashing horror
  7781 | Abyss:2  | Killed a thrashing horror
  7791 | Abyss:2  | Killed a thrashing horror
  7826 | Abyss:2  | 7826 ||| INVOKING Spit Poison.
  7829 | Abyss:2  | Reached skill level 9 in Fighting
  7857 | Abyss:2  | 7857 ||| INVOKING Spit Poison.
  7859 | Abyss:2  | 7859 ||| INVOKING Heroism.
  7866 | Abyss:2  | 7866 ||| INVOKING Spit Poison.
  7871 | D:10     | Escaped the Abyss
  7872 | D:10     | 7872 ||| INVOKING Spit Poison.
  7875 | D:10     | HP: 12/106 [raiju/living lightning (24)]
  7880 | D:10     | 7880 ||| INVOKING Heroism.
  7881 | D:10     | 7881 ||| INVOKING Spit Poison.
  7882 | D:10     | Mangled by Erolcha

Levels and vault maps discovered:
D:1:      minmay_arrival_nine_rooms, layout_rooms, serial_shops,
          nicolae_shop_tiny_glass, serial_bayou_lagoon_a
D:2:      layout_loops_ring
D:3:      layout_loops_ring, mainiacjoe_overflow_tiny_flanked,
          mainiacjoe_overflow_surrounded_room, serial_shops, shop, serial_glass,
          glass_columns_a, glass_columns_a, glass_columns_b
D:4:      layout_loops_ring
D:5:      layout_basic, nicolae_ashenzari_panopticon
D:6:      layout_basic, bloody_trog, worldfamousw_hep_ancestral_shrine,
          bloody_makhleb
D:7:      layout_basic, zin_purify, minmay_temple_entry_overgrown,
          kennysheep_path_1
D:8:      minmay_spotlight, layout_loops_cross, ebering_ghost_rock_garden,
          uniq_erica
D:9:      minmay_evil_eye, layout_basic, old_standard_altar,
          grunt_ministairs_14, amcnicky_mini_rare_corridor_liquid,
          minmay_misc_feat_iff
D:10:     layout_basic, elyvilon_altar_3, nicolae_qazlal_scattered_showers,
          general_overflow_altar, lair_entry_dummy, uniq_erolcha
Temple:   minmay_temple_curvy_loop

Skill      XL: |  1  2  3  4  5  6  7  8  9 10 11 |
---------------+----------------------------------+-----
Ranged Weapons | 4 5 6 8 9 10 11 13 | 13.0
Fighting       | 3 4 5 6 8 9 |  9.1
Armour         | 1 2 3 |  3.6
Dodging        | 2 3 4 |  4.0
Invocations    | 1 4 |  4.2
Stealth        | |  1.5

Action                     |  1- 3 |  4- 6 |  7- 9 | 10-12 || total
---------------------------+-------+-------+-------+-------++-------
   Fire: Shortbow          |    56 |   145 |    60 |       ||   261
         Orcbow            |       |       |   198 |   328 ||   526
 Invoke: Heroism           |       |       |     5 |    12 ||    17
Ability: Spit Poison       |    22 |    53 |    60 |    43 ||   178
    Use: Scroll            |     2 |     4 |     6 |     4 ||    16
         Potion            |       |     3 |     3 |     3 ||     9
 Armour: Leather armour    |     1 |    40 |   109 |   249 ||   399
  Dodge: Dodged            |     3 |    32 |    82 |   186 ||   303

Table legend:
 A = Non-vault XP
 B = Vault XP
 C = Vault XP percentage of total XP
 D = Non-vault monster count
 E = Vault monster count
 F = Vault count percentage of total count
                 A         B        C        D         E       F
            +---------+---------+-------+---------+---------+-------
      Total |   12430 |    2322 |  15.7 |     213 |      16 |   7.0
            +---------+---------+-------+---------+---------+-------
        D:1 |      45 |       0 |   0.0 |      25 |       0 |   0.0
        D:2 |      58 |       0 |   0.0 |      26 |       0 |   0.0
        D:3 |     124 |       0 |   0.0 |      24 |       0 |   0.0
        D:4 |     109 |       0 |   0.0 |       7 |       0 |   0.0
        D:5 |     677 |       0 |   0.0 |      31 |       0 |   0.0
        D:6 |     823 |       0 |   0.0 |      11 |       0 |   0.0
        D:7 |     754 |       0 |   0.0 |      11 |       0 |   0.0
        D:8 |    3171 |    1838 |  36.7 |      40 |       5 |  11.1
        D:9 |    1538 |     484 |  23.9 |      26 |      11 |  29.7
    Abyss:2 |    5131 |       0 |   0.0 |      12 |       0 |   0.0
            +---------+---------+-------+---------+---------+-------
